AoeStats
← 根本赢不了

African Clearing

510348374Analyzed
4v4 RM · 7h ago on Sep 30, 2026· 34m 13s· 8 players
Game mode
Random Map
Map size
Large (8 player)
Population
200
Speed
Normal
Resources
Standard
Victory
Conquest
Starting age
Dark Age
Ending age
Imperial Age
RankedLock teamsTeams togetherTeam positionsShared explorationLock speedFull tech treeHidden civsTurbo modeCheats
Victory
Defeat
🇵🇪 Bohemians · Peru
1205
+15
🇨🇳 Danes · China
1196
+32
🇨🇳 Cumans · China
1177
+16
🇺🇸 Jurchens · United States
1173
+17
🇲🇽 Mongols · Mexico
1229
-17
🇲🇽 Saracens · Mexico
1229
-18
🇺🇸 Vietnamese · United States
1206
-17
🇲🇽 Armenians · Mexico
1086
-12
LkASr
10:31 Loom
15:03 Feudal Age
25:59 Castle Age
25:08 Gold Mining
26:53 Fletching
28:17 Padded Archer Armor
30:20 Bodkin Arrow
32:58 Double-Bit Axe
Alejomc26
14:06 Feudal Age
18:17 Castle Age
31:00 Double-Bit Axe
31:00 Horse Collar
32:40 Bow Saw
33:36 Wheelbarrow
33:29 Heavy Plow
37:08 Imperial Age
根本赢不了
14:45 Feudal Age
14:07 Loom
15:53 Double-Bit Axe
15:50 Horse Collar
18:45 Castle Age
18:06 Stone Mining
19:52 Bow Saw
22:27 Scale Mail Armor
25:57 Chain Mail Armor
28:29 Forging
28:49 Arson
29:09 Squires
30:17 Iron Casting
32:35 Arson
新手村天幕星
13:31 Feudal Age
13:21 Loom
14:21 Town Watch
16:12 Wheelbarrow
25:02 Fletching
29:38 Castle Age
27:54 Horse Collar
28:02 Double-Bit Axe
29:20 Bloodlines
29:18 Scale Barding Armor
29:23 Forging
34:42 Hand Cart
bayruZ
6:13 Loom
14:37 Feudal Age
14:38 Man-at-Arms
16:13 Double-Bit Axe
20:31 Castle Age
18:49 Scale Mail Armor
19:09 Long Swordsman
20:01 Forging
19:52 Scale Mail Armor
20:07 Gold Mining
20:47 Two-Handed Swordsman
22:23 Fletching
_MZTK_SIRO_
14:07 Feudal Age
13:05 Loom
16:42 Double-Bit Axe
29:11 Castle Age
MZTK | GaboxNet .i.
5:35 Loom
11:29 Feudal Age
12:08 Double-Bit Axe
15:15 Bloodlines
23:59 Castle Age
24:29 Light Cavalry
25:05 Fletching
25:32 Bow Saw
26:10 Scale Barding Armor
27:26 Forging
26:43 Crossbowman
29:27 Wheelbarrow
31:10 Chain Barding Armor
MrskullSoul
4:10 Loom
15:22 Feudal Age
18:50 Castle Age
17:04 Horse Collar
17:29 Double-Bit Axe
19:08 Wheelbarrow
19:34 Heavy Plow
19:46 Bow Saw
24:03 Gold Mining
24:09 Stone Mining
25:05 Fletching
26:07 Ballistics
26:25 Stone Shaft Mining
27:18 Bodkin Arrow
31:14 Thumb Ring
31:57 Padded Archer Armor
32:21 Town Watch
32:53 Hand Cart
Connection lost

Rejoining the realm…

Still unreachable

The connection could not be restored.

Session expired

The server has moved on; the page needs a fresh start.